 Dungeon Crawl Stone Soup version 0.27.0-1-g7a089689b8 (webtiles) character file.

Game seed: 15785255879588575687

304 lnt the Conjurer (level 6, 0/45 HPs)
             Began as a Draconian Conjurer on Aug 1, 2021.
             Succumbed to a gnoll's curare-tipped dart
             ... on level 5 of the Dungeon on Aug 2, 2021.
             The game lasted 00:18:47 (4239 turns).

lnt the Conjurer (Draconian Conjurer)               Turns: 4239, Time: 00:18:48

Health: 0/45       AC: 12    Str:  9    XL:     6   Next: 15%
Magic:  6/9        EV: 12    Int: 20    God:
Gold:   172        SH:  0    Dex: 10    Spells: 3/9 levels left

rFire    . . .     SeeInvis .   a - staff of conjuration {!aw}
rCold    . . .     Faith    .   (no shield)
rNeg     . . .     Spirit   .   (armour unavailable)
rPois    .         Reflect  .   (helmet restricted)
rElec    .         Harm     .   (no cloak)
rCorr    .         Rampage  .   h - +1 pair of gloves
Will     .....                  (no boots)
Stlth    +.........             j - amulet of regeneration
HPRegen  1.15/turn              n - +4 ring of protection
MPRegen  0.11/turn              (no ring)

@: confused, lethally poisoned (0 -> -7), very slightly contaminated, slowed,
very slow
A: AC +6, unfitting armour, cold-blooded
a: no special abilities


You were on level 5 of the Dungeon.
You visited 1 branch of the dungeon, and saw 5 of its levels.

You collected 172 gold pieces.

Inventory:

Hand Weapons
 c - a +0 dagger
Missiles
 f - 6 atropa-tipped darts
 k - 26 poisoned darts
 l - 3 boomerangs
Armour
 h - a +1 pair of gloves (worn)
Magical Staves
 a - a staff of conjuration (weapon) {!aw}
Jewellery
 j - an amulet of regeneration (around neck)
 n - a +4 ring of protection (left hand)
Wands
 o - a wand of polymorph (11) (quivered)
Scrolls
 b - a scroll of magic mapping {unknown}
 d - a scroll of teleportation {unknown}
 i - a scroll of identify {unknown}
 m - a scroll of noise {unknown}
 p - a scroll of blinking {unknown}
 r - a scroll of enchant armour {unknown}
Potions
 e - 2 potions of brilliance {unknown}
 g - a potion of might {unknown}
 q - a potion of flight {unknown}
 s - a potion of mutation {unknown}


   Skills:
 * Level 2.3 Dodging
 - Level 1.7 Stealth
 - Level 2.0 Spellcasting
 + Level 7.2 Conjurations


You had 3 spell levels left.
You knew the following spells:

 Your Spells              Type           Power      Damage    Failure   Level
a - Magic Dart            Conj           100%       1d8       1%          1
b - Searing Ray           Conj           92%        3d6       1%          2
c - Dazzling Flash        Conj/Hex       48%        N/A       11%         3

Your spell library contained the following spells:

 Spells                   Type           Power      Damage    Failure   Level
 Animate Skeleton         Necr           4%         N/A       16%         1
 Apportation              Tloc           4%         N/A       16%         1
 Corona                   Hex            2%         N/A       16%         1
 Summon Small Mammal      Summ           8%         N/A       16%         1
 Sublimation of Blood     Necr           1%         N/A       24%         2
 Wereblood                Tmut           2%         N/A       24%         2
 Fulminant Prism          Conj/Hex       12%        3d9       34%         4
 Iskenderun's Mystic Bla  Conj/Tloc      24%        2d7       34%         4
 Summon Hydra             Summ           1%         N/A       100%        7


Dungeon Overview and Level Annotations

Branches:
Dungeon (5/15)
 Temple: D:4-7

Altars:

Annotations:
D:4 !Sigmund, 3 exclusions, Sigmund


Innate Abilities, Weirdness & Mutations

Your plain brown scales are hard. (AC +6)
You cannot fit into any form of body armour.
You are cold-blooded and may be slowed by cold attacks.


Message History

Press: ? - help, Q - select action, (/) - cycle Shift-Dir - straight line, f - gnoll, p - orc warrior
Aim: a gnoll, wielding a +0 whip and quivering curare-tipped darts (will become a frilled lizard, a ball python, or an adder, chance to affect: 54%)
The gnoll resists with significant effort.
Aiming: Polymorph
Press: ? - help, Q - select action, (/) - cycle Shift-Dir - straight line, f/p - gnoll
Aim: a gnoll, wielding a +0 whip and quivering curare-tipped darts (will become a frilled lizard, a ball python, or an adder, chance to affect: 54%)
The gnoll resists with significant effort.
The gnoll throws a curare-tipped dart.
The curare-tipped dart hits you.
You are poisoned.
You have difficulty breathing.
You feel yourself slow down.
Okay, then.
Okay, then.
Casting: Magic Dart (safe; 1% risk of failure)
Confirm with . or Enter, or press ? or * to list all spells.
You feel a surge of power!
You miscast Dazzling Flash.
You are very lightly contaminated with residual magic.
Nothing appears to happen.
You feel very sick.
The gnoll throws a curare-tipped dart.
The curare-tipped dart hits you.
You are more poisoned.
You have difficulty breathing.
You feel as though you will be slow longer.
The orc wizard gestures at you while chanting.
You are confused.
You are too confused!
You bump into the rock wall.
You feel extremely sick. The orc warrior closely misses you.
The gnoll throws a curare-tipped dart.
The curare-tipped dart barely misses you.
The curare-tipped dart hits the orc wizard.
The orc wizard is poisoned.
The orc wizard convulses.
The orc wizard seems to slow down.
The orc warrior hits you with a +0 long sword.
* * * LOW HITPOINT WARNING * * *
You feel extremely sick. The gnoll hits you with a +0 whip.
* * * LOW HITPOINT WARNING * * *
The gnoll hits you with a +0 whip.
* * * LOW HITPOINT WARNING * * *
You die...

... #.##..# #.#...#
######## .....#
#......# ##...#
#......# # ##...#
#......# .##..##..#.#
###.####
#........^..######..#
..#.####g@(........#
#... ##..#########.#
####..###oo## #.#
.####.....##..o# ##.#
..#...#<...#...# #..#
#.........>#..##
##.## #....<......##
#..# #......)...$#
##.## #.<.......###
#>.#


You could see an orc warrior, an orc wizard (very poisoned, slow), a gnoll and
an orc.

Vanquished Creatures
  Jessica (D:2)
  Natasha (D:2)
  An iguana (D:4)
  2 orc wizards
  5 gnolls
  6 adders
  An ufetubus (D:4)
  4 dart slugs
  9 orcs (D:3)
  4 bats
  An endoplasm (D:1)
  3 giant cockroaches
  4 goblins (D:1)
  3 hobgoblins
  6 jackals (D:1)
  3 kobolds (D:1)
  3 ball pythons
  A frilled lizard (D:1)
  7 rats
65 creatures vanquished.

Vanquished Creatures (others)
  4 fungi (D:1)
  5 plants (D:1)
9 creatures vanquished.

Grand Total: 74 creatures vanquished

Notes
Turn   | Place    | Note
-------+----------+-------------------------------------------
     0 | D:1      | lnt the Draconian Conjurer began the quest for the Orb.
     0 | D:1      | Reached XP level 1. HP: 14/14 MP: 3/3
   357 | D:1      | Reached XP level 2. HP: 17/20 MP: 3/5
   835 | D:1      | Reached skill level 5 in Conjurations
   858 | D:1      | Reached XP level 3. HP: 26/26 MP: 4/6
  1043 | D:1      | Found a faded altar of an unknown god.
  1500 | D:2      | Noticed Jessica
  1505 | D:2      | Killed Jessica
  1506 | D:2      | Reached XP level 4. HP: 33/33 MP: 1/7
  1599 | D:2      | Learned a level 2 spell: Searing Ray
  1911 | D:2      | Noticed Natasha
  1925 | D:2      | Killed Natasha
  1926 | D:2      | Reached skill level 6 in Conjurations
  2489 | D:3      | Reached XP level 5. HP: 32/38 MP: 1/8
  3279 | D:4      | Reached skill level 7 in Conjurations
  3493 | D:4      | Noticed Sigmund
  3630 | D:4      | Learned a level 3 spell: Dazzling Flash
  3927 | D:5      | Entered Level 5 of the Dungeon
  4006 | D:5      | Reached XP level 6. HP: 45/45 MP: 3/9
  4226 | D:5      | Noticed an orc warrior
  4239 | D:5      | Succumbed to a gnoll's curare-tipped dart

Illustrated notes

Levels and vault maps discovered:
D:1:      dpeg_arrival_concentric_ovals, layout_rooms,
          shapermc_ecumenical_altar_mp_ritualfount
D:2:      layout_basic, minmay_misc_feat_cross, uniq_jessica, uniq_natasha
D:3:      layout_loops_ring
D:4:      layout_rooms, uniq_sigmund
D:5:      kennysheep_six_static_rooms, layout_rooms

Skill      XL: |  1  2  3  4  5 |
---------------+----------------+-----
Conjurations   | 5 6 7 |  7.2
Dodging        | 2 |  2.3
Stealth        | |  1.7
Spellcasting   | |  2.0

Action                   |  1- 3 |  4- 6 || total
-------------------------+-------+-------++-------
Melee: Dagger            |    17 |    10 ||    27
 Cast: Magic Dart        |    52 |    93 ||   145
       Searing Ray       |       |     3 ||     3
Evoke: Wand              |       |     3 ||     3
Armor: Skin              |    18 |     7 ||    25
Dodge: Dodged            |    13 |    23 ||    36
